 Dungeon Crawl Stone Soup version 0.29.1-2-gbd0b4ee654 (webtiles) character file.

Game seed: 9652136826217836953

31143 sanboga the Bludgeoner (level 13, 0/111 HPs)
             Began as a Minotaur Monk on Nov 29, 2022.
             Was a High Priest of Hepliaklqana.
             Slain by a centaur
             ... wielding a +0 hand axe
             ... led by a centaur warrior
              (1 damage)
             ... on level 14 of the Dungeon.
             The game lasted 00:18:41 (14367 turns).

sanboga the Bludgeoner (Minotaur Monk)             Turns: 14367, Time: 00:18:42

Health: 0/111      AC: 29    Str: 24    XL:     13   Next: 24%
Magic:  10/10      EV:  6    Int: 11    God:    Hepliaklqana [*****.]
Gold:   591        SH:  0    Dex: 10    Spells: 12/12 levels left

rFire   + + .      SeeInvis .   s - +3 dire flail (flame)
rCold   . . .      Faith    .   (shield currently unavailable)
rNeg    . . .      Spirit   .   a - +0 crystal plate armour
rPois   +          Reflect  .   (helmet restricted)
rElec   +          Harm     .   m - +2 cloak {Stlth+}
rCorr   .          Rampage  .   z - +0 pair of gloves
Will    .....                   A - +0 pair of boots
Stlth   ..........              h - amulet of the acrobat
HPRegen 0.28/turn               e - ring of Attitude {rElec rF++ Will- Int+6}
MPRegen 0.12/turn               t - ring of Dyileots {Fly rPois Int+3 Dex-3}

@: mighty, flying, hasted, very quick
A: reduced essence, horns 2, retaliatory headbutt, dopey 2, low MP 1, strong 1
a: Renounce Religion, Recall Ancestor, Ancestor Identity, Transference, Idealise


You were on level 14 of the Dungeon.
You worshipped Hepliaklqana.
Hepliaklqana was extremely pleased with you.
You visited 2 branches of the dungeon, and saw 15 of its levels.
You visited 1 bazaar.
You also visited: Ossuary.

You collected 1009 gold pieces.
You spent 418 gold pieces at shops.

Inventory:

Hand Weapons
 s - a +3 dire flail of flaming (weapon)
 v - the +2 flail "Juzom" {vorpal, rPois rC+ Str+2 Dex+4}
   (You bought it in a shop on level 3 of the Dungeon)

   It inflicts extra damage upon your enemies.
   Str:       It affects your strength (+2).
   Dex:       It affects your dexterity (+4).
   rC:        It protects you from cold.
   rPois:     It protects you from poison.
Armour
 a - a +0 crystal plate armour (worn)
 m - a +2 cloak of stealth (worn)
 z - a +0 pair of gloves (worn)
 A - a +0 pair of boots (worn)
 F - the +4 Cigotuvi's embrace {rMiasma Drain rN+}
   (You found it on level 10 of the Dungeon)

   It gathers nearby corpses to temporarily increase the armour it provides.
   It protects you from foul pestilence.
   rN:        It protects you from negative energy.
   Drain:     It drains your maximum health when unequipped.
Jewellery
 e - the ring of Attitude (left hand) {rElec rF++ Will- Int+6}
   (You found it on level 13 of the Dungeon)

   [ring of intelligence]

   Int:       It affects your intelligence (+6).
   rF:        It greatly protects you from fire.
   rElec:     It insulates you from electricity.
   Will:      It decreases your willpower.
 h - an amulet of the acrobat (around neck)
 t - the ring of Dyileots (right hand) {Fly rPois Int+3 Dex-3}
   (You took it off a centaur on level 6 of the Dungeon)

   [ring of flight]

   Int:       It affects your intelligence (+3).
   Dex:       It affects your dexterity (-3).
   rPois:     It protects you from poison.
   Fly:       It grants you flight.
 D - a ring of protection from fire
Wands
 b - a wand of charming (15)
 g - a wand of roots (12)
 p - a wand of mindburst (10)
Scrolls
 k - 2 scrolls of enchant weapon
 l - 7 scrolls of teleportation
 u - a scroll of magic mapping
 w - 2 scrolls of enchant armour
 y - a scroll of blinking
 B - 2 scrolls of silence
 H - 3 scrolls of identify
Potions
 c - 3 potions of ambrosia
 d - 4 potions of mutation
 f - 3 potions of haste
 i - 6 potions of curing
 j - 3 potions of resistance
 n - 3 potions of heal wounds
 r - 2 potions of invisibility
 E - a potion of cancellation


   Skills:
 + Level 14.0 Fighting
 * Level 19.0 Maces & Flails
 + Level 13.5 Armour
 - Level 3.2 Dodging
 - Level 1.5 Stealth


You had 12 spell levels left.
You didn't know any spells.
Your spell library contained the following spells:

 Spells                   Type           Power      Damage    Failure   Level
 Beastly Appendage        Tmut           0%         N/A       100%        1
 Foxfire                  Conj/Fire      0%         2x1d4     100%        1
 Freeze                   Ice            0%         1d3       100%        1
 Magic Dart               Conj           0%         1d3       100%        1
 Call Imp                 Summ           0%         N/A       100%        2
 Call Canine Familiar     Summ           0%         N/A       100%        3
 Conjure Flame            Conj/Fire      0%         6-21      100%        3
 Frozen Ramparts          Ice            0%         1d1       100%        3
 Gell's Gravitas          Tloc           0%         N/A       100%        3
 Inner Flame              Hex/Fire       0%         N/A       100%        3
 Mephitic Cloud           Conj/Pois/Air  0%         N/A       100%        3
 Portal Projectile        Hex/Tloc       0%         N/A       100%        3
 Teleport Other           Tloc           0%         N/A       100%        3
 Flame Wave               Conj/Fire      0%         2d4       100%        4
 Hailstorm                Conj/Ice       0%         3d3       100%        4
 Leda's Liquefaction      Hex/Erth       0%         N/A       100%        4
 Summon Lightning Spire   Summ/Air       0%         N/A       100%        4
 Dispersal                Tloc           0%         N/A       100%        6
 Chain Lightning          Conj/Air       0%         N/A       100%        9


Dungeon Overview and Level Annotations

Branches:
Dungeon (14/15)            Temple (1/1) D:4            Lair (0/5) D:9
    Orc (0/2) D:10         Vaults (0/5) D:13        Ossuary (visited)

Altars:
Ashenzari
Cheibriados
Dithmenos
Elyvilon
Fedhas
Gozag
Hepliaklqana
Kikubaaqudgha
Makhleb
Nemelex Xobeh
Okawaru
Qazlal
Ru
Sif Muna
Trog
Uskayaw
Vehumet
Wu Jian
Xom
Yredelemnul
Zin
The Shining One

Shops:
D:3 :(   D:9 =


Innate Abilities, Weirdness & Mutations

Your life essence is reduced to manifest your ancestor. (-10% HP)
You have a pair of horns on your head.
You reflexively headbutt those who attack you in melee.
You are very dopey. (Int -4)
Your magical capacity is low. (-10% MP)
Your muscles are strong. (Str +4, Int/Dex -1)


Message History

* * * LOW HITPOINT WARNING * * *
You impale the titanic slime creature!! You burn the titanic slime creature.
The titanic slime creature is heavily wounded.
The centaur unwields a +0 shortbow.
The centaur wields a +0 hand axe.
The centaur closely misses you.
The centaur kicks you but does no damage.
You see here an ugly thing corpse.
You bludgeon the titanic slime creature!!
You burn the titanic slime creature!
You headbutt the titanic slime creature!
The titanic slime creature is severely wounded.
You barely miss the titanic slime creature.
The titanic slime creature is severely wounded.
The titanic slime creature hits you!
* * * LOW HITPOINT WARNING * * *
The centaur hits you but does no damage.
The centaur kicks you.
* * * LOW HITPOINT WARNING * * *
You bludgeon the titanic slime creature!!
You burn the titanic slime creature.
The titanic slime creature is severely wounded.
You barely miss the titanic slime creature.
You headbutt the titanic slime creature!
The titanic slime creature is almost dead.
The centaur hits you but does no damage.
The centaur completely misses you.
You hit the titanic slime creature. You burn the titanic slime creature.
The titanic slime creature is almost dead.
The titanic slime creature hits you but does no damage.
You sock the titanic slime creature! You burn the titanic slime creature!
You headbutt the titanic slime creature!
The titanic slime creature is almost dead.
The centaur hits you with a +0 hand axe.
* * * LOW HITPOINT WARNING * * *
The centaur completely misses you.
You puncture the titanic slime creature!
You burn the titanic slime creature.
You kill the titanic slime creature!
The centaur hits you with a +0 hand axe.
You die...

#....♣♣.....#**,,..,,,*8,,,*,,8*,
##.........#* ***..,,,*,,,*,,,,*,
###.....### *.#**,*,,,,*,,,*,
###.### *.# *,+,*,*,*,**, ###.#
##.###.#*,*,*,*,+, # #...#
#cc....#,,,*,,,,*, # #.###
#c#**,,*,,,,*,,,*, ####.# #c#
*,,*8,,*,,,8*, .....# #@#
**,,****+***,, ~##### ### ##†#
*,,,,,,,,,,,, ≈≈######.### #.†#
**,,**,*,**** ≈≈≈~.......####..#
*,***,,,*
≈##..........#...#####.* ***,*
##.....................* *,****
###...............J....*** *,,,,,
..............#.....J..,,******,,
.............##........*,,,,*,,,,


You could see a centaur warrior and 3 centaurs.

Vanquished Creatures
  Rupert (D:12)
  The ghost of Jingleheimer the Impaler, a journeyman DsGl of Yredelemnul (D:13)
  2 boulder beetles
  2 hydras
  A centaur warrior (D:14)
  4 two-headed ogres
  Pikel (D:9)
  5 ugly things
  3 deep elf pyromancers
  A necromancer (D:13)
  2 cyclopes (D:13)
  2 manticores (D:12)
  A centaur zombie (D:10)
  4 centaur skeletons (D:10)
  2 unseen horrors
  An unseen horror (shapeshifter) (D:13)
  Maggie (D:6)
  A kobold demonologist (D:9)
  An efreet (D:13)
  2 hellwings (D:10)
  6 trolls
  3 slime creatures (D:14)
  A hornet (D:10)
  Prince Ribbit (D:5)
  A hornet (shapeshifter) (D:11)
  2 wraiths
  12 yaks (D:9)
  4 shadows
  A wyvern (D:9)
  A water elemental (D:13)
  A basilisk (D:9)
  4 neqoxecs (D:13)
  9 vampire mosquitoes
  Menkaure (Ossuary)
  2 acid dragons
  A water moccasin (D:6)
  A black bear (D:8)
  Pargi (D:4)
  An orc warrior (D:11)
  A sky beast (D:8)
  3 ice beasts
  An ogre (D:6)
  2 centaurs
  6 phantoms
  3 kobold brigands
  A bullfrog (D:8)
  3 gnoll sergeants
  3 scorpions
  10 wights
  14 killer bees
  3 howler monkeys
  2 hounds
  A quasit (D:13)
  8 orc priests
  Crazy Yiuf (D:3)
  2 iguanas (D:6)
  6 orc wizards
  6 ogre zombies (D:10)
  3 mummies (Ossuary)
  22 gnolls
  4 adders
  2 shadow imps (D:5)
  A white imp (D:7)
  2 ufetubi
  2 dart slugs (D:1)
  18 orcs
  8 ball pythons
  A bat zombie (D:10)
  5 endoplasms
  4 giant cockroaches
  3 gnoll zombies (Ossuary)
  4 goblins
  6 hobgoblins
  10 jackals
  14 kobolds
  2 quokkas
  3 bats
  5 frilled lizards
  4 gnoll skeletons (Ossuary)
  5 goblin skeletons
  13 goblin zombies
  7 hobgoblin skeletons
  7 hobgoblin zombies
  A kobold skeleton (Ossuary)
  3 kobold zombies (Ossuary)
  12 orc skeletons
  10 orc zombies
  8 rats
  3 rat skeletons (Ossuary)
  4 rat zombies
  A spectral orc (D:4)
364 creatures vanquished.

Vanquished Creatures (collateral kills)
  A wizard (D:13)
  An elephant (D:9)
  A kobold demonologist (D:10)
  A komodo dragon (D:12)
  A hellwing (D:10)
  2 slime creatures (D:14)
  A vampire (D:13)
  A wyvern (D:10)
  A steam dragon (D:8)
  A basilisk (D:9)
  A water moccasin (D:5)
  6 wights
  A killer bee (D:8)
  A quasit (D:13)
  A hound (D:5)
  An orc wizard (D:6)
  2 ogre zombies (D:10)
  3 gnolls
  A white imp (D:6)
  2 orcs (D:8)
  3 kobolds
  2 hobgoblin zombies (D:10)
  2 orc zombies (D:10)
37 creatures vanquished.

Vanquished Creatures (others)
  A killer bee (D:11)
  An electric eel (D:13)
  4 hexers
  6 fungi
  9 plants (D:3)
21 creatures vanquished.

Grand Total: 422 creatures vanquished

Notes
Turn   | Place    | Note
-------+----------+-------------------------------------------
     0 | D:1      | sanboga the Minotaur Monk began the quest for the Orb.
     0 | D:1      | Reached XP level 1. HP: 19/19 MP: 0/0
   179 | D:1      | Reached skill level 4 in Maces & Flails
   248 | D:1      | Reached XP level 2. HP: 24/27 MP: 1/1
   373 | D:1      | Reached skill level 1 in Armour
  1530 | D:2      | Reached XP level 3. HP: 33/33 MP: 2/2
  1587 | D:2      | Found a glowing golden altar of the Shining One.
  2365 | D:3      | Reached XP level 4. HP: 27/40 MP: 3/3
  2368 | D:3      | Reached skill level 5 in Maces & Flails
  2476 | D:3      | Noticed a scorpion
  2481 | D:3      | Killed a scorpion
  2605 | D:3      | Reached XP level 5. HP: 47/47 MP: 4/4
  2613 | D:3      | Found Voreupnaleps's Vocational Training.
  2789 | D:3      | Found a faded altar of an unknown god.
  2882 | D:3      | Found a runed translucent door.
  2883 | D:3      | Noticed Crazy Yiuf
  2905 | D:3      | Found Oggaen's Antique Weapon Shop.
  2913 | D:3      | Bought an ichor-stained flail for 170 gold pieces
  2913 | D:3      | Identified the +2 flail "Juzom" {vorpal, rPois rC+ Str+2
                  | Dex+4} (You bought it in a shop on level 3 of the Dungeon)
  3012 | D:3      | Killed Crazy Yiuf
  3100 | D:4      | Noticed a phantom
  3104 | D:4      | Killed a phantom
  3105 | D:4      | Reached skill level 5 in Fighting
  3105 | D:4      | Reached skill level 6 in Maces & Flails
  3197 | D:4      | Found a sand-covered staircase.
  3204 | Ossuary  | Entered an ossuary
  3395 | Ossuary  | Reached XP level 6. HP: 54/56 MP: 5/5
  3492 | Ossuary  | Noticed Menkaure
  3498 | Ossuary  | Killed Menkaure
  3501 | Ossuary  | Reached skill level 7 in Maces & Flails
  3644 | D:4      | Found a hide-covered altar of Uskayaw.
  3834 | D:4      | Found a staircase to the Ecumenical Temple.
  3844 | Temple   | Entered the Ecumenical Temple
  4052 | Temple   | Became a worshipper of Hepliaklqana the Forgotten
  4052 | Temple   | Reached * piety under Hepliaklqana
  4052 | Temple   | Reached ** piety under Hepliaklqana
  4079 | D:4      | Remembered your ancestor Rachael Ray as a hexer
  4113 | D:4      | Reached XP level 7. HP: 55/55 MP: 6/6
  4125 | D:4      | Identified the +0 ring mail of Gozag's Castigation {+Blink
                  | Will+ Slay-5}
  4199 | D:4      | Found a basalt altar of Yredelemnul.
  4329 | D:4      | Noticed Pargi
  4338 | D:4      | Killed Pargi
  4427 | D:5      | Entered Level 5 of the Dungeon
  4427 | D:5      | Noticed Prince Ribbit
  4434 | D:5      | Killed Prince Ribbit
  4435 | D:5      | Reached skill level 8 in Maces & Flails
  4439 | D:5      | Reached skill level 5 in Armour
  4639 | D:5      | Found an opulent altar of Gozag.
  4672 | D:5      | Reached XP level 8. HP: 63/63 MP: 7/7
  4866 | D:5      | Reached skill level 9 in Maces & Flails
  5217 | D:6      | Found a shimmering blue altar of Sif Muna.
  5362 | D:6      | Identified the ring of Dyileots {Fly rPois Int+3 Dex-3}
  5375 | D:6      | Killed an unseen horror
  5489 | D:6      | Noticed Maggie
  5499 | D:6      | Killed Maggie
  5500 | D:6      | Reached skill level 10 in Maces & Flails
  5695 | D:6      | Reached XP level 9. HP: 72/72 MP: 8/8
  6065 | D:6      | Got Sif Muna's Tome of Transfiguration
  6134 | D:6      | Reached skill level 11 in Maces & Flails
  6464 | D:6      | Found a sparkling altar of Nemelex Xobeh.
  6514 | D:7      | Reached *** piety under Hepliaklqana
  6571 | D:7      | Found a burning altar of Makhleb.
  7718 | D:8      | Reached skill level 12 in Maces & Flails
  7947 | D:8      | Reached XP level 10. HP: 66/81 MP: 9/9
  8095 | D:8      | Found a snail-covered altar of Cheibriados.
  8095 | D:8      | Found a glowing silver altar of Zin.
  8434 | D:9      | Found Emeopn's One-of-a-Kind Rings.
  8490 | D:9      | Found a staircase to the Lair.
  8490 | D:9      | Noticed an elephant
  8499 | D:9      | Killed an elephant
  8500 | D:9      | Reached skill level 13 in Maces & Flails
  8537 | D:9      | Reached skill level 10 in Fighting
  8767 | D:9      | Reached **** piety under Hepliaklqana
  8923 | D:9      | Reached skill level 14 in Maces & Flails
  9238 | D:9      | Noticed a rust devil
  9286 | D:9      | Reached skill level 10 in Armour
  9413 | D:9      | Noticed Pikel
  9423 | D:9      | Killed Pikel
  9424 | D:9      | Reached XP level 11. HP: 90/90 MP: 10/10
  9623 | D:10     | Entered Level 10 of the Dungeon
  9626 | D:10     | Found an ornate altar of the Wu Jian Council.
  9629 | D:10     | Noticed a two-headed ogre
  9641 | D:10     | Killed a two-headed ogre
  9721 | D:10     | Reached skill level 15 in Maces & Flails
  9766 | D:10     | Found a staircase to the Orcish Mines.
 10155 | D:10     | Found the +4 Cigotuvi's embrace {rMiasma Drain rN+}
 10392 | D:10     | Found a blossoming altar of Fedhas.
 10662 | D:10     | Found an ancient bone altar of Kikubaaqudgha.
 10715 | D:11     | Noticed a two-headed ogre
 10728 | D:11     | Killed a two-headed ogre
 10729 | D:11     | Reached skill level 16 in Maces & Flails
 10729 | D:11     | Gained mutation: You have hidden genetic defects. [potion
                  | of mutation]
 11072 | D:11     | Reached ***** piety under Hepliaklqana
 11089 | D:11     | Got the Vellum of the Welkin
 11159 | D:11     | Noticed a boulder beetle
 11178 | D:11     | Killed a boulder beetle
 11219 | D:11     | Identified the +1 robe of Space {Drain Will++ Str+3}
 11522 | D:12     | Gained mutation: You are clumsy. (Dex -2) [hidden defects]
 11523 | D:12     | Lost mutation: You are clumsy. (Dex -2) [potion of
                  | mutation]
 11523 | D:12     | Lost mutation: You have hidden genetic defects. [potion of
                  | mutation]
 11523 | D:12     | Gained mutation: You are dopey. (Int -2) [potion of
                  | mutation]
 11523 | D:12     | Gained mutation: Your magical capacity is low. (-10% MP)
                  | [potion of mutation]
 11523 | D:12     | Gained mutation: Your muscles are strong. (Str +4, Int/Dex
                  | -1) [potion of mutation]
 11537 | D:12     | Reached XP level 12. HP: 100/100 MP: 9/9
 11666 | D:12     | Noticed Rupert
 11676 | D:12     | Killed Rupert
 11692 | D:12     | Reached skill level 17 in Maces & Flails
 11769 | D:12     | Noticed a four-headed hydra
 11781 | D:12     | Killed a four-headed hydra
 11826 | D:12     | Noticed a boulder beetle
 11852 | D:12     | Killed a boulder beetle
 12787 | D:13     | Found a transporter.
 13109 | D:13     | Reached skill level 18 in Maces & Flails
 13111 | D:13     | Noticed Jingleheimer's ghost (journeyman DsGl)
 13122 | D:13     | Found a transporter.
 13136 | D:13     | Gained mutation: You are very dopey. (Int -4) [a neqoxec]
 13153 | D:13     | Killed Jingleheimer's ghost
 13167 | D:13     | Got the ring of Attitude {rElec rF++ Will- Int+6}
 13627 | D:13     | Noticed a two-headed ogre
 13632 | D:13     | Killed a two-headed ogre
 13764 | D:13     | Found a gate to the Vaults.
 13764 | D:13     | Noticed a two-headed ogre
 13769 | D:13     | Killed a two-headed ogre
 13770 | D:13     | Reached XP level 13. HP: 103/110 MP: 10/10
 14061 | D:14     | Found an ornate altar of the Wu Jian Council.
 14083 | D:14     | Found a flickering gateway to a bazaar.
 14092 | Bazaar   | Entered a bazaar
 14092 | Bazaar   | Found Unnax's Weapon Shop.
 14092 | Bazaar   | Found Jerchiph's Weapon Shop.
 14092 | Bazaar   | Found Wegiggusch's Magic Scroll Boutique.
 14092 | Bazaar   | Found Obleuni's Book Boutique.
 14272 | Bazaar   | Bought a scroll of immolation for 64 gold pieces
 14272 | Bazaar   | Bought a scroll of enchant armour for 120 gold pieces
 14272 | Bazaar   | Bought a scroll of noise for 16 gold pieces
 14272 | Bazaar   | Bought a scroll of teleportation for 48 gold pieces
 14347 | D:14     | Reached skill level 19 in Maces & Flails
 14362 | D:14     | HP: 5/111 [centaur/+0 hand axe[a centaur warrior] (1)]
 14366 | D:14     | HP: 1/111 [centaur/+0 hand axe[a centaur warrior] (4)]
 14367 | D:14     | Slain by a centaur

Illustrated notes

Levels and vault maps discovered:
D:1:      dpeg_arrival_arbitrary_a, layout_basic
D:2:      layout_loops_corners, basic_altar
D:3:      layout_basic, dreamdust_ecumenical_altar_grove, serial_shops,
          nicolae_shop_behind_doors, minivault_23, dk_noncrumbling_2,
          mrwooster_statue_mirror, nicolae_shop_vocational,
          uniq_crazy_yiuf_cottage
D:4:      layout_basic, nicolae_overflow_crystal_walls,
          yredelemnul_forgotten_temple_becter, minmay_temple_entry_wispy,
          chequers_ossuary_entry_cave, uniq_pargi
D:5:      layout_rooms, nicolae_gozag_seed_capital, uniq_prince_ribbit1
D:6:      minmay_inner_zag, layout_loops_corners, lemuel_tele_altar,
          led_sif_book, uniq_maggie
D:7:      layout_basic, kennysheep_mini_moat
D:8:      layout_basic, gammafunk_temple_overflow_wave
D:9:      layout_basic, david_lair_generic, nicolae_shop_unique_rings,
          minmay_misc_feat_tower, uniq_pikel
D:10:     layout_cave_pools, lemuel_zombie_altar_kikubaaqudgha,
          mainiacjoe_overflow_brackets,
          mainiacjoe_overflow_concentric_impassable, zombieorc2_lemuel,
          hellmonk_guarded_unrand_cigotuvi
D:11:     layout_cave_pools, wad_floor_pattern_untrapped,
          nicolae_figureground_sparkle
D:12:     layout_basic, uniq_rupert
D:13:     layout_basic, david_vaults_1, gammafunk_ghost_stat_death
D:14:     layout_cave_pods, serial_shops, bzr_entry_lakeside, dk_noncrumbling_3,
          kennysheep_big_empty_room, minivault_1, nicolae_wu_jian_wuxing_cycle
Temple:   grunt_temple_mini_profane

Skill      XL: |  1  2  3  4  5  6  7  8  9 10 11 12 13 |
---------------+----------------------------------------+-----
Maces & Flails | 4 5 6 7 8 10 12 14 16 18 19 | 19.0
Armour         | 1 2 3 4 5 6 8 10 11 13 | 13.5
Fighting       | 4 5 6 7 9 10 12 13 14 | 14.0
Dodging        | |  3.2
Stealth        | |  1.5

Action                   |  1- 3 |  4- 6 |  7- 9 | 10-12 | 13-15 || total
-------------------------+-------+-------+-------+-------+-------++-------
Melee: Mace              |    87 |    23 |       |       |       ||   110
       Headbutt          |    12 |    27 |    27 |   104 |    13 ||   183
       Punch             |     1 |     3 |     1 |     4 |       ||     9
       Flail             |       |   112 |   193 |   320 |       ||   625
       Dire flail        |       |       |       |   160 |    41 ||   201
Invok: Ancestor Life: He |       |     1 |       |       |       ||     1
       Ancestor Identity |       |     1 |       |       |       ||     1
  Use: Scroll            |       |     6 |     9 |     8 |     1 ||    24
       Potion            |       |       |       |     5 |     2 ||     7
 Stab: Sleeping          |     3 |       |       |       |       ||     3
       Distracted        |       |       |     4 |     2 |       ||     6
       Confused          |       |       |     2 |    17 |       ||    19
Armor: Robe              |     3 |       |       |       |       ||     3
       Chain mail        |    35 |    58 |    66 |       |       ||   159
       Crystal plate arm |       |       |    46 |   314 |    37 ||   397
Dodge: Dodged            |    62 |    76 |   114 |   182 |    22 ||   456
